 Dungeon Crawl Stone Soup version 0.31-a0-331-geda263fcf1 (webtiles) character file.

Game seed: 3778131098879679340

39 tilp the Sneak (level 3, 0/25 HPs)
             Began as a Vampire Enchanter on July 19, 2023.
             Slain by a gnoll
             ... wielding a +0 spear
              (5 damage)
             ... on level 2 of the Dungeon.
             The game lasted 00:02:19 (1163 turns).

tilp the Sneak (Vampire Enchanter)                  Turns: 1163, Time: 00:02:19

Health: 0/25       AC:  3    Str:  7    XL:     3   Next: 26%
Magic:  0/6        EV: 12    Int: 19    God:
Gold:   70         SH:  0    Dex: 14    Spells: 1/6 levels left

rFire   . . .        a - +1 dagger
rCold   . . .        (no shield)
rNeg    . . .        b - +0 robe
rPois   .            (no helmet)
rElec   .            d - +0 cloak
rCorr   .            (no gloves)
SInv    +            (no boots)
Will    .....        (no amulet)
Stlth   +++          (no ring)
HPRegen 0.44/turn    (no ring)
MPRegen 0.10/turn

%: no passive effects
@: healing quickly
A: alive, fangs 3, see invisible, vampiric 2
a: Exsanguinate


You were on level 2 of the Dungeon.
You visited 1 branch of the dungeon, and saw 2 of its levels.

You collected 70 gold pieces.

Inventory:

Hand Weapons
 a - a +1 dagger (weapon)
Missiles
 g - 12 stones
Armour
 b - a +0 robe (worn)
 d - a +0 cloak (worn)
Wands
 i - a wand of flame (19)
Scrolls
 f - a scroll of brand weapon {unknown}
 j - 3 scrolls of identify
Potions
 c - 2 potions of invisibility
 e - a potion of magic
 h - a potion of curing


   Skills:
 * Level 0.9 Fighting
 * Level 2.0 Short Blades
 + Level 2.5 Dodging
 + Level 4.6 Stealth
 * Level 2.4 Spellcasting
 + Level 4.6 Hexes


You had one spell level left.
You knew the following spells:

 Your Spells              Type           Power      Damage    Failure   Level
a - Ensorcelled Hibernat  Hex/Ice        22%        N/A       10%         2
b - Confusing Touch       Hex            19%        N/A       7%          3

Your spell library contained the following spells:

 Spells                   Type           Power      Damage    Failure   Level
 Summon Small Mammal      Summ           8%         N/A       16%         1
 Tukima's Dance           Hex            19%        N/A       7%          3
 Dazzling Flash           Conj/Hex       22%        N/A       19%         3
 Summon Guardian Golem    Hex/Summ       11%        N/A       19%         3
 Call Canine Familiar     Summ           2%         N/A       43%         3


Dungeon Overview and Level Annotations

Branches:
Dungeon (2/15)

Altars:


Innate Abilities, Weirdness & Mutations

Your natural rate of healing is accelerated.
You have razor-sharp teeth.
You have supernaturally acute eyesight. (SInv)
You are afflicted with vampirism and can become a bat while bloodless.


Message History

The gnoll hits you from afar with a +0 spear.
Unknown command.
You see here a +0 dagger.
Casting: Ensorcelled Hibernation (safe; 10% risk of failure)
Confirm with . or Enter, or press ? or * to list all spells.
Aiming: Ensorcelled Hibernation (safe; 10% risk of failure)
Press: ? - help, Shift-Dir - straight line, f/p - gnoll
Aim: a gnoll, wielding a +0 spear (chance to affect: 53%)
The gnoll looks drowsy...
Unknown command.
The gnoll barely misses you.
The gnoll shouts!
You hit the gnoll but do no damage.
Unknown command.
The gnoll attacks as you move away! The gnoll hits you with a +0 spear.
The gnoll hits you from afar with a +0 spear.
Casting: Ensorcelled Hibernation (safe; 10% risk of failure)
Confirm with . or Enter, or press ? or * to list all spells.
The spell is quite dangerous to miscast (7% risk of failure)!
Continue anyway? [Y]es or [N]o only, please.
The spell is quite dangerous to miscast (7% risk of failure)!
Continue anyway? [Y]es or [N]o only, please.
The spell is quite dangerous to miscast (7% risk of failure)!
Continue anyway? [Y]es or [N]o only, please.
The spell is quite dangerous to miscast (7% risk of failure)!
Continue anyway? [Y]es or [N]o only, please.
The spell is quite dangerous to miscast (7% risk of failure)!
Continue anyway?
Your hands begin to glow red.
The gnoll barely misses you. The gnoll hits you with a +0 spear!
The gnoll closely misses you.
You closely miss the gnoll. The gnoll barely misses you.
The gnoll hits you from afar with a +0 spear.
You closely miss the gnoll. The gnoll hits you with a +0 spear.
* * * LOW HITPOINT WARNING * * *
The gnoll hits you from afar with a +0 spear.
* * * LOW HITPOINT WARNING * * *
You hit the gnoll but do no damage.
The gnoll appears confused.
You bite the gnoll.
The gnoll is lightly wounded.
The gnoll hits you from afar with a +0 spear.
You die...

. ##. #.#. #.. ##.#. #.#
#....## #.# ..#.... #.#
#......##.###############
#.#)...#.#.............#
#....).....###########.#
#.#...........@gg..# #.#
#.....#..#########.# #.#
###.#.#..# #.# #.#
.........# #g###.##
......#.).# #.##...#
...###...#.# #.##..## #.#
##.##.# ######.##.##
#.### #. #.# #..g...##.#
#... .....# #.#######.#


You could see 2 gnolls.

Vanquished Creatures
  An adder (D:2)
  A worm (D:2)
  A dart slug (D:2)
  4 ball pythons (D:1)
  A bat (D:1)
  2 endoplasms (D:1)
  A giant cockroach (D:1)
  A goblin (D:2)
  4 hobgoblins (D:1)
  A quokka (D:2)
  A frilled lizard (D:2)
  4 kobolds
22 creatures vanquished.

Notes
Turn   | Place    | Note
-------+----------+-------------------------------------------
     0 | D:1      | tilp the Vampire Enchanter began the quest for the Orb.
     0 | D:1      | Reached XP level 1. HP: 13/13 MP: 3/3
   147 | D:1      | Reached XP level 2. HP: 4/20 MP: 5/5
   193 | D:1      | Learned a level 2 spell: Ensorcelled Hibernation
   890 | D:2      | Gained mutation: You are afflicted with vampirism and can
                  | become a bat while bloodless. [Vampire growth]
   890 | D:2      | Reached XP level 3. HP: 25/25 MP: 6/6
   894 | D:2      | Learned a level 3 spell: Confusing Touch
  1163 | D:2      | Slain by a gnoll

Illustrated notes

Levels and vault maps discovered:
D:1:      amcnicky_arrival_gap_in_the_tavern_cellar, layout_rooms
D:2:      layout_loops_ring, basic_altar

Skill      XL: |  1  2  3 |
---------------+----------+-----
Short Blades   | 2 |  2.0
Fighting       | |  0.9
Dodging        | |  2.5
Stealth        | |  4.6
Spellcasting   | |  2.4
Hexes          | |  4.6

Action                     || total
---------------------------++-------
  Melee: Dagger            ||    80
         Bite              ||     8
   Cast: Ensorcelled Hiber ||    15
         Confusing Touch   ||     1
    Use: Scroll            ||     2
   Stab: Sleeping          ||     7
 Armour: Robe              ||    10
  Dodge: Dodged            ||    51

Table legend: (Time is in decaauts)
 A = Elapsed time spent in this place.
 B = Non-inter-level travel time spent in this place.
 C = Inter-level travel time spent in this place.
 D = Time resting spent in this place.
 E = Time spent auto-exploring this place.
 F = Levels seen in this place.
 G = Mean time per level.
                   A        B        C        D        E       F      G
               +--------+--------+--------+--------+--------+-----+--------+
         Total |   1157 |   1111 |     46 |     16 |    743 |   2 |  578.5 |
       Dungeon |   1157 |   1111 |     46 |     16 |    743 |   2 |  578.5 |
               +--------+--------+--------+--------+--------+-----+--------+

Top non-repeatable levels by time:
     D:1: 609 daAuts
     D:2: 547 daAuts
